 Dungeon Crawl Stone Soup version 0.20-a0-1015-g2ec8a95 (console) character file.

65 nht the Firebug (level 4, 0/33 HPs)
             Began as a Hill Orc Fire Elementalist on Apr 15, 2017.
             Slain by McCoppin's ghost (6 damage)
             ... on level 3 of the Dungeon.
             The game lasted 00:04:01 (2097 turns).

nht the Firebug (Hill Orc Fire Elementalist)        Turns: 2097, Time: 00:04:02

Health: 0/33       AC:  2    Str: 13 (15) XL:     4   Next: 14%
Magic:  6/6        EV: 12    Int: 14 (16) God:
Gold:   66         SH:  4    Dex:  8 (11) Spells: 5/6 levels left

rFire    . . .     SeeInvis .   d - +0 short sword
rCold    . . .     Gourm    .   (no shield)
rNeg     . . .     Faith    .   a - +0 robe
rPois    .         Spirit   .   (no helmet)
rElec    .         Reflect  +   (no cloak)
rCorr    .         Harm     .   (no gloves)
MR       .....                  (no boots)
Stlth    +.........             f - +4 amulet of reflection
Regen    0.2/turn               h - ring of flight
MPRegen  0.1/turn               (no ring)

@: mighty, lethally poisoned (0 -> -5)
A: no striking features
a: Evoke Flight


You were on level 3 of the Dungeon.
You were not hungry.

You visited 1 branch of the dungeon, and saw 3 of its levels.

You collected 66 gold pieces.

Inventory:

Hand Weapons
 d - a +0 short sword (weapon)
Armour
 a - a +0 robe (worn)
Jewellery
 f - a +4 amulet of reflection (around neck)
 h - a ring of flight (left hand)
 q - an uncursed ring of ice
Scrolls
 i - a scroll of identify {unknown}
 l - 2 scrolls of enchant armour {unknown}
 n - a scroll of fear {unknown}
 o - a scroll of amnesia {unknown}
 p - a scroll of teleportation {unknown}
Potions
 g - 2 potions of curing
Books
 b - a book of Flames

   Spells                             Type                      Level
   a - Flame Tongue                   Conjuration/Fire             1
   b - Throw Flame                    Conjuration/Fire             2
   c - Conjure Flame                  Conjuration/Fire             3
   d - Inner Flame                    Hexes/Fire                   3
   e - Sticky Flame                   Conjuration/Fire             4
   f - Fireball                       Conjuration/Fire             5
Comestibles
 c - a bread ration
 j - 3 chunks of flesh
 k - 3 fruits


   Skills:
 - Level 1.5 Dodging
 - Level 1.5 Stealth
 - Level 1.5 Spellcasting
 + Level 2.8 Conjurations
 + Level 4.3 Fire Magic


You had 5 spell levels left.
You knew the following spells:

 Your Spells              Type           Power        Failure   Level  Hunger
a - Flame Tongue          Conj/Fire      ##...        10%         1    ##.....


Dungeon Overview and Level Annotations

Branches:
Dungeon (3/15)

Altars:

Annotations:
D:3 McCoppin's ghost, amateur GnWr


Message History

Press: ? - help, Shift-Dir - straight line, f - bat
Aim: a bat The flame tongue misses the bat.
You block the bat's attack.
You barely miss the bat. The bat barely misses you.
The bat hits you but does no damage.
You hit the bat.
You kill the bat!
You barely miss McCoppin's ghost. You block McCoppin's ghost's attack.
McCoppin's ghost mumbles some strange words.
McCoppin's ghost blinks!
You see here a quokka corpse.
You closely miss McCoppin's ghost. McCoppin's ghost hits you.
You closely miss McCoppin's ghost. McCoppin's ghost completely misses you.
You barely miss McCoppin's ghost. McCoppin's ghost hits you.
* * * LOW HITPOINT WARNING * * *
You are poisoned.
You barely miss McCoppin's ghost.
* * * LOW HITPOINT WARNING * * *
You feel sick. McCoppin's ghost hits you.
You die...

.......███
..W...... .......█
█ .......█. █.
█........
███.█████.......█
█.....W@$......█
█.....██.......█
........██<......█
███.....███.....██
%.......█ ██...██
███.....█


████ █.....█ ███████ You could see McCoppin's ghost.

Vanquished Creatures
  2 worms
  3 dart slugs
  4 leopard geckos
  An orc (D:2)
  2 bats
  2 giant cockroaches (D:1)
  8 goblins
  6 hobgoblins
  3 quokkas
  2 frilled lizards
  6 kobolds
  8 rats
47 creatures vanquished.

Notes
Turn   | Place    | Note
-------+----------+-------------------------------------------
     0 | D:1      | nht the Hill Orc Fire Elementalist began the quest for the Orb.
     0 | D:1      | Reached XP level 1. HP: 14/14 MP: 3/3
   194 | D:1      | Reached XP level 2. HP: 15/20 MP: 0/4
  1033 | D:1      | Reached XP level 3. HP: 19/26 MP: 0/5
  1396 | D:1      | Reached skill level 4 in Fire Magic
  2036 | D:2      | Reached XP level 4. HP: 33/33 MP: 4/6
  2070 | D:3      | Noticed McCoppin's ghost (amateur GnWr)
  2097 | D:3      | Slain by McCoppin's ghost

Vault maps used:
D:1:      dpeg_arrival_pits
D:2:      hangedman_glass_teeth
D:3:      first_bread, grunt_ministairs_15

Skill      XL: |  1  2  3 |
---------------+----------+-----
Conjurations   | 2 |  2.8
Fire Magic     | 4 |  4.3
Dodging        | |  1.5
Stealth        | |  1.5
Spellcasting   | |  1.5

Action                   |  1- 3 |  4- 6 || total
-------------------------+-------+-------++-------
Melee: Unarmed           |     9 |       ||     9
       Short sword       |    33 |    17 ||    50
 Fire: Hunting sling     |    10 |       ||    10
 Cast: Flame Tongue      |    70 |     2 ||    72
  Use: Potion            |     3 |     2 ||     5
       Scroll            |     2 |       ||     2
  Eat: Chunk             |     5 |     1 ||     6
Armor: Robe              |    12 |     7 ||    19
Dodge: Dodged            |    51 |    15 ||    66
Block: Other             |     2 |    10 ||    12
       Reflection        |     2 |     1 ||     3
